 Dungeon Crawl Stone Soup version 0.19-a0-559-ga3d69d0 (webtiles) character file.

14 ololoev the Firebug (level 2, -3/15 HPs)
             Began as a Deep Elf Fire Elementalist on June 8, 2016.
             Slain by a gnoll
             ... wielding a +0 halberd
              (9 damage)
             ... on level 2 of the Dungeon.
             The game lasted 00:01:22 (279 turns).

ololoev the Firebug (Deep Elf Fire Elementalist)     Turns: 279, Time: 00:01:23

Health: -3/15      AC:  2    Str:  5    XL:     2   Next: 31%
Magic:  5/8        EV: 13    Int: 19    God:
Gold:   27         SH:  0    Dex: 15    Spells: 1 memorised, 6 levels left

rFire  . . .     SeeInvis .     (no weapon)
rCold  . . .     Gourm    .     a - +0 robe
rNeg   . . .     Faith    .     (no shield)
rPois  .         Spirit   .     (no helmet)
rElec  .         Dismiss  .     (no cloak)
rCorr  .         Reflect  .     (no gloves)
SustAt .         Harm     .     (no boots)
MR     .....                    (no amulet)
Stlth  ++........               (no ring)
                                (no ring)

@: not resistant to hostile enchantments, unstealthy
A: no striking features
a: no special abilities

Inventory:

Armour
 a - a +0 robe (worn)
Scrolls
 d - a scroll of amnesia {unknown}
 e - a scroll of immolation {unknown}
 f - a scroll of fog {unknown}
Books
 b - a book of Flames

   Spells                             Type                      Level
   a - Flame Tongue                   Conjuration/Fire             1
   b - Throw Flame                    Conjuration/Fire             2
   c - Conjure Flame                  Conjuration/Fire             3
   d - Inner Flame                    Hexes/Fire                   3
   e - Sticky Flame                   Conjuration/Fire             4
   f - Fireball                       Conjuration/Fire             5
Comestibles
 c - a bread ration


   Skills:
 - Level 2.4 Dodging
 - Level 2.4 Stealth
 + Level 3.4 Spellcasting
 * Level 1.9 Conjurations
 + Level 3.5 Fire Magic


You had 6 spell levels left.
You knew the following spells:

 Your Spells              Type           Power        Failure   Level  Hunger
a - Flame Tongue          Conj/Fire      ##...        6%          1    None


You were on level 2 of the Dungeon.
You were not hungry.

You visited 1 branch of the dungeon, and saw 2 of its levels.

You collected 27 gold pieces.

....... ...... ≈§
#...≈##≈##
#..§§≈≈§≈#
#≈≈≈#≈._≈#
#.≈≈#§>.≈ ..
#..≈≈≈§≈§#≈..
#.###..≈#'###≈≈≈.
#...@g.≈....§≈≈≈.
#####.g.......§..
#...........≈
###.#.####.##
#...# #.# ###.#
#. #.# #. #.#
#.###### #.#
#.<.....

Notes
Turn   | Place    | Note
--------------------------------------------------------------
     0 | D:1      | ololoev the Deep Elf Fire Elementalist began the quest for the Orb.
     0 | D:1      | Reached XP level 1. HP: 10/10 MP: 6/6
   118 | D:1      | Reached XP level 2. HP: 6/15 MP: 0/8
   227 | D:2      | Found a shattered altar of Ashenzari.
   233 | D:2      | Found a sacrificial altar of Ru.
   272 | D:2      | Found a stormy altar of Qazlal.
   279 | D:2      | Slain by a gnoll

Dungeon Overview and Level Annotations

Branches:
Dungeon (2/15)

Altars:
Ashenzari
Qazlal
Ru


Message History

Casting: Flame Tongue
Confirm with . or Enter, or press ? or * to list all spells.
Aiming: Flame Tongue
Press: ? - help, Shift-Dir - straight line, f/p - worm
Aim: a worm (lightly wounded)
The flame tongue hits the worm.
The worm is severely wounded.
Casting: Flame Tongue
Confirm with . or Enter, or press ? or * to list all spells.
Aiming: Flame Tongue
Press: ? - help, Shift-Dir - straight line, f/p - worm
Aim: a worm (severely wounded)
The flame tongue hits the worm.
The worm is almost dead.
Casting: Flame Tongue
Confirm with . or Enter, or press ? or * to list all spells.
Aiming: Flame Tongue
Press: ? - help, Shift-Dir - straight line, f/p - worm
Aim: a worm (severely wounded)
The flame tongue hits the worm.
The worm is almost dead.
Casting: Flame Tongue
Confirm with . or Enter, or press ? or * to list all spells.
Aiming: Flame Tongue
Press: ? - help, Shift-Dir - straight line, f/p - worm
Aim: a worm (almost dead)
The flame tongue hits the worm.
The worm is almost dead.
The worm completely misses you.
Casting: Flame Tongue
Confirm with . or Enter, or press ? or * to list all spells.
Aiming: Flame Tongue
Press: ? - help, Shift-Dir - straight line, f/p - worm
Aim: a worm (almost dead)
The flame tongue hits the worm.
The worm is almost dead.
Found a meat ration.
Casting: Flame Tongue
Confirm with . or Enter, or press ? or * to list all spells.
Aiming: Flame Tongue
Press: ? - help, Shift-Dir - straight line, f/p - worm
Aim: a worm (severely wounded)
You miscast Flame Tongue.
You are very lightly contaminated with residual magic.
Heat runs through your body.
A bat and a gnoll come into view.
Found a scroll labeled BOYTIT ZIDEC.
A goblin and 2 gnolls come into view.
Found a bread ration.
Found a shattered altar of Ashenzari.
The gnoll shouts!
The goblin moves out of view.
The bat barely misses you.
Found a scroll labeled JYXANN VAXU.
The bat barely misses you. The bat barely misses you.
The bat hits you but does no damage. The bat closely misses you.
Found a sacrificial altar of Ru.
Casting: Flame Tongue
Confirm with . or Enter, or press ? or * to list all spells.
Aiming: Flame Tongue
Press: ? - help, Shift-Dir - straight line, f - bat
Aim: a bat The flame tongue hits the bat.
You kill the bat!
A worm comes into view.
You see here a scroll labeled JYXANN VAXU.
f - a scroll labeled JYXANN VAXU
Found a spear.
There is a sacrificial altar of Ru here.
Your magical contamination has completely faded away.
Unknown command.
Found a stone staircase leading up.
You open the door.
Found a stormy altar of Qazlal.
Found an escape hatch in the floor.
The gnoll hits you with a whip. The gnoll misses you.
The gnoll barely misses you. The gnoll misses you.
The gnoll hits you from afar with a halberd!
Ouch! That really hurt!
You die...

You could see 2 gnolls.

Vanquished Creatures
  2 oozes (D:1)
  3 bats
  A giant cockroach (D:1)
  A goblin (D:1)
7 creatures vanquished.

Action                   || total
-------------------------++-------
 Cast: Flame Tongue      ||    21
Armor: Robe              ||     6
Dodge: Dodged            ||    15

Vault maps used:
D:1:      dpeg_arrival_round_b
D:2:      evilmike_ruin_ashenzari, nicolae_ru_sacrificial_ziggurat,
          minmay_misc_feat_room, nicolae_qazlal_general_emergency
